 Dungeon Crawl Stone Soup version 0.19.5 (webtiles) character file.

45 galech the Skirmisher (level 3, -8/40 HPs)
             Began as an Ogre Fighter on Mar 5, 2017.
             Mangled by Natasha (10 damage)
             ... on level 1 of the Dungeon.
             The game lasted 00:01:37 (968 turns).

galech the Skirmisher (Ogre Fighter)                 Turns: 968, Time: 00:01:38

Health: -8/40      AC:  3    Str: 22    XL:     3   Next: 64%
Magic:  3/3        EV:  8    Int:  9    God:
Gold:   85         SH:  8    Dex:  9    Spells: 0 memorised, 2 levels left

rFire  . . .     SeeInvis .     a - +0 flail
rCold  . . .     Gourm    .     b - +0 robe
rNeg   . . .     Faith    .     c - +0 shield
rPois  .         Spirit   .     (helmet restricted)
rElec  .         Reflect  .     (no cloak)
rCorr  .         Harm     .     (gloves unavailable)
MR     .....                    (boots unavailable)
Stlth  +.........               (no amulet)
                                (no ring)
                                o - +2 ring of intelligence

@: slowed, very slow
A: unfitting armour, tough skin 1
a: no special abilities


You were on level 1 of the Dungeon.
You were not hungry.

You visited 1 branch of the dungeon, and saw 2 of its levels.

You collected 85 gold pieces.

Inventory:

Hand Weapons
 a - a +0 flail (weapon)
Armour
 b - a +0 robe (worn)
 c - a +0 shield (worn)
Jewellery
 o - a +2 ring of intelligence (left hand)
Scrolls
 i - 2 scrolls of identify {unknown}
 j - a scroll of remove curse {unknown}
 q - a scroll of teleportation {unknown}
 s - a scroll of amnesia {unknown}
Potions
 d - 2 potions of might
 e - a potion of mutation {unknown}
 k - a potion of berserk rage {unknown}
 l - 2 potions of heal wounds {unknown}
 m - a potion of invisibility {unknown}
 r - a potion of lignification {unknown}
Comestibles
 f - 2 bread rations
 g - a chunk of flesh
 h - 3 meat rations
 n - a slice of pizza
 p - a royal jelly


   Skills:
 + Level 4.5 Fighting
 + Level 3.7 Maces & Flails
 + Level 3.1 Dodging
 + Level 3.0 Shields


You had 2 spell levels left.
You didn't know any spells.

Dungeon Overview and Level Annotations

Branches:
Dungeon (2/15)

Altars:

Annotations:
D:1 Natasha
D:2 Sigmund


Innate Abilities, Weirdness & Mutations

You are too large for most types of armour.
You have tough skin. (AC +1)


Message History

* * * LOW HITPOINT WARNING * * *
Natasha howls an incantation.
Natasha glows brightly for a moment.
Natasha casts a spell.
You miss Natasha.
Natasha is almost dead.
Natasha stares at you and mumbles some strange words.
You resist with some effort. The crimson imp hits you.
* * * LOW HITPOINT WARNING * * *
You closely miss Natasha.
Natasha is almost dead.
Natasha barely misses you.
The crimson imp blinks!
Natasha claws you.
* * * LOW HITPOINT WARNING * * *
The crimson imp blinks!
You barely miss Natasha.
Natasha is almost dead.
Natasha mumbles some strange words.
You feel troubled. Natasha claws you!
You die...

#........#.................##
#..(....##.#...).####.......#
##(#...###.##....# #..##...###
#.##### #.......# #..##.....#
#.# ######.## #.......#.# ##.###
##'## #.......#.# .....####
##...## #########.# #.......#
##.....## ######.## #..#..#.#
##....@..## #.......#
#..#....###......h..####...##..#
.)........'.........+.......#..#
#.##....###>........####.......#
#.##..#.# ##.......## #..#.##.#
#.......# ##.....## #.##.##.#
.....#### ##...## #.......#
####.# ##+## ####.#### #.# #.#
#.#


You could see Natasha.

Vanquished Creatures
  2 adders (D:2)
  An ooze (D:2)
  2 dart slugs (D:1)
  A leopard gecko (D:1)
  A giant cockroach (D:1)
  4 goblins (D:1)
  4 hobgoblins (D:1)
  A frilled lizard (D:1)
  2 kobolds (D:1)
18 creatures vanquished.

Notes
Turn   | Place    | Note
-------+----------+-------------------------------------------
     0 | D:1      | galech the Ogre Fighter began the quest for the Orb.
     0 | D:1      | Reached XP level 1. HP: 24/24 MP: 1/1
   181 | D:1      | Reached XP level 2. HP: 32/32 MP: 2/2
   862 | D:2      | Reached XP level 3. HP: 28/40 MP: 3/3
   946 | D:2      | Noticed Natasha
   947 | D:2      | Noticed Sigmund
   967 | D:1      | HP: 2/40 [Natasha (6)]
   968 | D:1      | Mangled by Natasha

Skill      XL: |  1  2  3 |
---------------+----------+-----
Maces & Flails | 3 |  3.7
Dodging        | 3 |  3.1
Shields        | 3 |  3.0
Fighting       | |  4.5

Action                   || total
-------------------------++-------
Melee: Flail             ||    74
Armor: Robe              ||     9
Dodge: Dodged            ||    27
Block: Shield            ||    34
